 Dungeon Crawl Stone Soup version 0.19-a0-1933-g052ff51 (webtiles) character file.

46 Kaname the Skirmisher (level 3, -2/28 HPs)
             Began as a Demonspawn Wanderer on Oct 26, 2016.
             Killed from afar by Natasha (5 damage)
             ... with a magic dart
             ... on level 2 of the Dungeon.
             The game lasted 00:02:51 (1521 turns).

Kaname the Skirmisher (Demonspawn Wanderer)         Turns: 1521, Time: 00:02:51

Health: -2/28      AC:  8    Str: 18    XL:     3   Next: 44%
Magic:  6/6        EV:  9    Int: 14    God:
Gold:   97         SH:  0    Dex: 11    Spells: 0 memorised, 6 levels left

rFire  . . .     SeeInvis .     d - +0 club
rCold  . . .     Gourm    .     a - +2 scale mail
rNeg   . . .     Faith    .     (no shield)
rPois  .         Spirit   .     (no helmet)
rElec  .         Reflect  .     (no cloak)
rCorr  .         Harm     .     (no gloves)
MR     .....                    (no boots)
Stlth  ..........               (no amulet)
                                (no ring)
                                (no ring)

@: mighty, slowed, very slow
A: spiny 1
a: no special abilities


You were on level 2 of the Dungeon.
You were not hungry.

You visited 1 branch of the dungeon, and saw 2 of its levels.

You collected 97 gold pieces.

Inventory:

Hand Weapons
 d - a +0 club (weapon)
Armour
 a - a +2 scale mail (worn)
Scrolls
 g - 3 scrolls of remove curse {unknown}
 h - 5 scrolls of fog {unknown}
 i - a scroll of immolation {unknown}
 j - a scroll of amnesia {unknown}
Books
 b - the Handbook of Creation

   Spells                             Type                      Level
   a - Summon Small Mammal            Summoning                    1
   b - Call Canine Familiar           Summoning                    3
 c - Hietiu's Collected Works on Earth

   Spells                             Type                      Level
   a - Sandblast                      Earth                        1
   b - Stone Arrow                    Conjuration/Earth            3
Comestibles
 f - 3 bread rations
 k - 2 chunks of flesh


   Skills:
 + Level 2.7 Fighting
   Level 1.0 Bows
 - Level 1.0 Armour
 - Level 1.0 Stealth
 - Level 2.0 Spellcasting
   Level 2.1 Necromancy
   Level 1.7 Earth Magic
   Level 1.0 Evocations


You had 6 spell levels left.
You didn't know any spells.

Dungeon Overview and Level Annotations

Branches:
Dungeon (2/15)

Altars:
Kikubaaqudgha

Annotations:
D:2 Natasha


Innate Abilities, Weirdness & Mutations

You are partially covered in sharp spines.


Message History

The iron imp closely misses you. Natasha is struck by your spines.
Natasha barely misses you.
You barely miss Natasha.
Natasha is heavily wounded.
The iron imp hits you but does no damage.
Natasha claws you but does no damage. The iron imp is struck by your spines.
The iron imp closely misses you.
Unknown command.
You closely miss Natasha.
Natasha is heavily wounded.
Natasha claws you.
Natasha mumbles some strange words.
The crimson imp grins evilly.
The iron imp hits you.
* * * LOW HITPOINT WARNING * * *
It was a potion of might.
You feel very mighty all of a sudden. Natasha casts a spell at you.
The magic dart hits you!
You die...

..# #..# ... ##+#####..
.... #.....##..+....
#.....##.##....
#.....##....# # #.
#.....##..#.#.# #.#
####........#.# #.#
#55h@5..รท.....# #.#
##.#######...### #.#
#####..8$..>_#...#####.#
#......#######......##.###
#..5##.........####.#.....
#...######..#...[...#..###
#.?.......#.#.....#.#..#
#.........#.#.....#....#
#.........#.#.....####.#


You could see 2 iron imps, Natasha and a crimson imp.

Vanquished Creatures
  2 adders (D:2)
  2 worms
  4 bats (D:1)
  2 giant cockroaches (D:1)
  5 hobgoblins
  A frilled lizard (D:1)
  3 goblins (D:1)
  A kobold (D:2)
  A quokka zombie (D:2)
  3 rats
24 creatures vanquished.

Notes
Turn   | Place    | Note
-------+----------+-------------------------------------------
     0 | D:1      | Kaname the Demonspawn Wanderer began the quest for the Orb.
     0 | D:1      | Kaname set off with: a +2 scale mail, the Handbook of Creation, Hietiu's Collected Works on Earth, a +0 club, a bread ration
     0 | D:1      | Reached XP level 1. HP: 15/15 MP: 2/2
     0 | D:1      | Identified the Handbook of Creation
     0 | D:1      | Identified Hietiu's Collected Works on Earth
   589 | D:1      | Gained mutation: You are partially covered in sharp spines. [demonic ancestry]
   589 | D:1      | Reached XP level 2. HP: 19/21 MP: 4/4
  1476 | D:2      | Reached XP level 3. HP: 24/28 MP: 6/6
  1487 | D:2      | Found an ancient bone altar of Kikubaaqudgha.
  1501 | D:2      | Noticed Natasha
  1521 | D:2      | Killed from afar by Natasha

Vault maps used:
D:1:      minmay_arrival_arboretum_small
D:2:      first_bread, serial_undead, serial_undead_a, serial_undead_f,
          serial_undead_e, serial_undead_e, lemuel_statue_altar, uniq_natasha

Skill      XL: |  1  2 |
---------------+-------+-----
Spellcasting   | 2 |  2.0
Fighting       | 2 |  2.7
Bows           | |  1.0
Armour         | |  1.0
Stealth        | |  1.0
Necromancy     | |  2.1
Earth Magic    | |  1.7
Evocations     | |  1.0

Action                   || total
-------------------------++-------
Melee: Club              ||   121
  Use: Potion            ||     1
  Eat: Chunk             ||     2
Armor: Scale mail        ||    87
Dodge: Dodged            ||    59
